 Dungeon Sprint DCSS version 0.30-a0-122-g2a1322497e (webtiles) character file.

Game seed: 16292807473303157731

161 rocky1 the Cudgeller (level 5, -1/88 HPs)
             Began as an Ogre Gladiator on Sept 16, 2022.
             Was an Initiate of Gozag.
             Slain by a fire bat (6 damage)
             ... in the Dungeon (Sprint VII: "The Pits").
             The game lasted 00:00:55 (398 turns).

rocky1 the Cudgeller (Ogre Gladiator)                Turns: 398, Time: 00:00:55

Health: -1/88      AC:  3    Str: 20    XL:     5   Next: 42%
Magic:  5/5        EV: 11    Int:  9    God:    Gozag
Gold:   414        SH:  0    Dex: 10    Spells: 4/4 levels left

rFire   . . .      SeeInvis .    o - +2 flail (vorpal)
rCold   . . .      Faith    .    (no shield)
rNeg    . . .      Spirit   .    b - +0 robe
rPois   .          Reflect  .    c - +0 hat
rElec   .          Harm     .    (no cloak)
rCorr   .          Rampage  .    (gloves unavailable)
Will    .....      NoTele   +    (boots unavailable)
Stlth   ..........               (no amulet)
HPRegen 0.24/turn                (no ring)
MPRegen 0.09/turn                (no ring)

@: berserking, gold aura, very quick
A: large, unfitting armour, tough skin 1
a: Renounce Religion, Potion Petition, Call Merchant, Bribe Branch


You were in the Dungeon.
You worshipped Gozag.
Gozag was aware of your devotion.
You visited 1 branch You collected 414 gold pieces.

Inventory:

Hand Weapons
 a - a +0 flail
 o - a +2 vorpal flail (weapon)
Missiles
 d - 3 throwing nets (quivered)
 e - a large rock
Armour
 b - a +0 robe (worn)
 c - a +0 hat (worn)
Scrolls
 k - a scroll of blinking
 m - 5 scrolls of amnesia
 n - a scroll of summoning
Potions
 f - 6 potions of curing
 g - 6 potions of heal wounds
 h - a potion of haste
 i - 4 potions of magic
 j - 2 potions of berserk rage
 l - 2 potions of invisibility


   Skills:
 + Level 6.0 Fighting
 + Level 6.7 Maces & Flails
 + Level 3.6 Throwing
 + Level 6.2 Dodging
 + Level 0.3 Stealth


You had 4 spell levels left.
You didn't know any spells.
Your spell library was empty.

Dungeon Overview and Level Annotations

Branches:
Dungeon (1/1)

Altars:
Ashenzari
Cheibriados
Dithmenos
Elyvilon
Fedhas
Gozag
Hepliaklqana
Kikubaaqudgha
Makhleb
Nemelex Xobeh
Okawaru
Qazlal
Ru
Sif Muna
Trog
Uskayaw
Vehumet
Wu Jian
Xom
Yredelemnul
Zin
The Shining One
Jiyva
Lugonu


Innate Abilities, Weirdness & Mutations

You are too large for most types of armour.
You have tough skin. (AC +1)


Message History

There is an open door, spattered with blood here.
There is an open door here.
You start waiting.
Done waiting.
You open the door.
There is an open door here.
As you open the door, it creaks loudly! 2 fire bats come into view.
There is an open door here.
The fire bat attacks as you move away!
The fire bat bites you but does no damage.
The fire bat closely misses you.
A red film seems to cover your vision as you go berserk!
You feel yourself moving faster!
You feel mighty! The fire bat bites you.
You are engulfed in flames!
The fire bat bites you.
You are engulfed in flames.
You closely miss the fire bat. The fire bat closely misses you.
The fire bat bites you.
You are engulfed in flames!
You sock the fire bat!
The fire bat is severely wounded.
The fire bat barely misses you.
You sock the fire bat!
You kill the fire bat!
The fire bat bites you.
You are engulfed in flames!
* * * LOW HITPOINT WARNING * * *
The fire bat bites you.
* * * LOW HITPOINT WARNING * * *
You are engulfed in flames!
* * * LOW HITPOINT WARNING * * *
Your Fighting skill gained 3 levels and is now at level 6!
Your Maces & Flails skill gained 2 levels and is now at level 6!
Your Throwing skill increases to level 3!
Your Dodging skill gained 2 levels and is now at level 6!
You have reached level 4!
You have reached level 5!
You closely miss the fire bat. The fire bat barely misses you.
You closely miss the fire bat. The fire bat bites you.
* * * LOW HITPOINT WARNING * * *
You are engulfed in flames.
You die...
Your body crumbles into a pile of gold.

#..........)'.....
#'#####'#####.....
#.#...#.#[[##.....
#.#...#.#).#####'#
#.#...'.#))##.....
#.##'####))##.....
#.#.)...#..##.....
#.#...).#'###...<.
#@#........##.....
#b#........##.....
#'###########.....
#...b...# ######
#.###...# #.# .#
#.# #.. #..


You could see a fire bat.

Vanquished Creatures
  A fire bat (D)
  A gnoll (D)
  An ufetubus (D)
  A ball python (D)
  A bat (D)
  A goblin (D)
  A quokka (D)
  A kobold (D)
  A quokka skeleton (D)
  A rat (D)
10 creatures vanquished.

Notes
Turn   | Place    | Note
-------+----------+-------------------------------------------
     0 | D        | rocky1 the Ogre Gladiator began the quest for the Orb.
     0 | D        | Reached XP level 1. HP: 22/22 MP: 1/1
    17 | D        | Reached XP level 2. HP: 24/31 MP: 2/2
    21 | D        | Found a bloodstained altar of Trog.
    21 | D        | Found a shimmering blue altar of Sif Muna.
    21 | D        | Found a viscous altar of Jiyva.
    21 | D        | Found a hazy altar of Hepliaklqana.
    21 | D        | Found an opulent altar of Gozag.
    22 | D        | Found a glowing golden altar of the Shining One.
    22 | D        | Found a glowing silver altar of Zin.
    22 | D        | Found a basalt altar of Yredelemnul.
    22 | D        | Found a shimmering altar of Xom.
    22 | D        | Found an ornate altar of the Wu Jian Council.
    22 | D        | Found a sacrificial altar of Ru.
    22 | D        | Found a stormy altar of Qazlal.
    22 | D        | Found an iron altar of Okawaru.
    22 | D        | Found a sparkling altar of Nemelex Xobeh.
    22 | D        | Found a burning altar of Makhleb.
    22 | D        | Found a blossoming altar of Fedhas.
    22 | D        | Found a white marble altar of Elyvilon.
    22 | D        | Found a shadowy altar of Dithmenos.
    22 | D        | Found a snail-covered altar of Cheibriados.
    25 | D        | Found a corrupted altar of Lugonu.
    25 | D        | Found a radiant altar of Vehumet.
    26 | D        | Found an ancient bone altar of Kikubaaqudgha.
    26 | D        | Found a hide-covered altar of Uskayaw.
    26 | D        | Found a broken altar of Ashenzari.
    29 | D        | Became a worshipper of Gozag Ym Sagoz the Greedy
   230 | D        | Reached XP level 3. HP: 32/37 MP: 3/3
   390 | D        | Noticed a fire bat
   390 | D        | Noticed a fire bat
   396 | D        | Killed a fire bat
   397 | D        | Reached XP level 4. HP: 5/52 MP: 4/4
   397 | D        | Reached XP level 5. HP: 5/59 MP: 5/5
   398 | D        | Slain by a fire bat

Illustrated notes

Levels and vault maps discovered:
D:        pitsprint [storerooms_1, entrance_room_1, metal_vault_5, armoury_2,
          mini_pit_1, grid_room_1, main_hall_1, silver_pit, the_coven_3,
          the_vestibule_1, steel_vault_4, golden_pit, hallway_of_sentries,
          crystal_vault_5, iron_vault_2, final_vault]

Skill      XL: |  1  2  3 |
---------------+----------+-----
Fighting       | 3 6 |  6.0
Maces & Flails | 3 4 6 |  6.7
Dodging        | 3 4 6 |  6.2
Throwing       | 3 |  3.6
Stealth        | |  0.3

Action                   |  1- 3 |  4- 6 || total
-------------------------+-------+-------++-------
Melee: Flail             |    26 |     2 ||    28
  Use: Potion            |     1 |       ||     1
Armor: Robe              |     4 |       ||     4
Dodge: Dodged            |    14 |     1 ||    15

Table legend: (Time is in decaauts)
 A = Elapsed time spent in this place.
 B = Non-inter-level travel time spent in this place.
 C = Inter-level travel time spent in this place.
 D = Time resting spent in this place.
 E = Time spent auto-exploring this place.
 F = Levels seen in this place.
 G = Mean time per level.
                   A        B        C        D        E       F      G
               +--------+--------+--------+--------+--------+-----+--------+
         Total |    401 |    381 |     20 |    227 |      0 |   1 |  401.0 |
       Dungeon |    401 |    381 |     20 |    227 |      0 |   1 |  401.0 |
               +--------+--------+--------+--------+--------+-----+--------+

Top non-repeatable levels by time:
       D: 401 daAuts
